 Dungeon Crawl Stone Soup version 0.31-a0-188-g5e087ee2ca (webtiles) character file.

Game seed: 2073073908757363176

184 qw the Skirmisher (level 5, -1/29 HPs)
             Began as a Deep Elf Hunter on June 23, 2023.
             Slain by a kobold
             ... wielding a +0 short sword
              (2 damage)
             ... in a sewer.
             The game lasted 00:00:49 (1377 turns).

qw the Skirmisher (Deep Elf Hunter)                 Turns: 1377, Time: 00:00:49

Health: -1/29      AC:  7    Str: 10      XL:     5   Next: 36%
Magic:  7/7        EV: 11    Int: 14      God:
Gold:   82         SH:  0    Dex: 16 (18) Spells: 4/4 levels left

rFire   . . .        Y - +0 shortbow (freeze)
rCold   . . .        (shield currently unavailable)
rNeg    . . .        e - +0 ring mail
rPois   .            (no helmet)
rElec   .            d - +0 cloak
rCorr   .            f - +0 pair of gloves
SInv    .            (no boots)
Will    .....        (no amulet)
Stlth   +            (no ring)
HPRegen 0.24/turn    (no ring)
MPRegen 0.10/turn

%: no passive effects
@: no status effects
A: no striking features
a: no special abilities


You were in a sewer.
You visited 1 branch of the dungeon, and saw 3 of its levels.
You also visited: Sewer.

You collected 110 gold pieces.
You spent 28 gold pieces at shops.


   Skills:
 - Level 1.5 Fighting
 + Level 8.9 Ranged Weapons
 - Level 2.4 Dodging
 - Level 1.2 Stealth


You had 4 spell levels left.
You didn't know any spells.
Your spell library was empty.

Inventory:

Hand Weapons
 Y - a +0 shortbow of freezing (weapon)
Armour
 d - a +0 cloak (worn)
 e - a +0 ring mail (worn)
 f - a +0 pair of gloves (worn)
Potions
 a - a potion of haste {unknown}
 b - a potion of magic {unknown}
 c - a potion of cancellation {unknown}
 g - a potion of curing {unknown}

Dungeon Overview and Level Annotations

Branches:
Dungeon (3/15)              Sewer (1/1)

Altars:

Shops:
D:1 *

Annotations:
Sewer Grinder


Message History

The shadow imp is heavily wounded.
The kobold throws a stone.
The stone hits you but does no damage.
You shoot an arrow. The arrow hits the shadow imp.
The shadow imp is severely wounded.
The kobold throws a stone.
The stone hits you.
You shoot an arrow.
The arrow hits the shadow imp but does no damage.
The shadow imp is severely wounded.
You shoot an arrow. The arrow barely misses the shadow imp.
The arrow barely misses Grinder.
You shoot an arrow. The arrow hits the shadow imp.
The shadow imp is almost dead.
The shadow imp gestures at you. Pain shoots through your body!
You shoot an arrow. The arrow hits Grinder.
Grinder is lightly wounded.
The kobold hits you but does no damage.
You shoot an arrow. The arrow hits Grinder.
Grinder is lightly wounded.
The kobold closely misses you.
You shoot an arrow. The arrow barely misses the shadow imp.
Grinder hits you. The shadow imp closely misses you.
The kobold hits you with a +0 short sword.
You shoot an arrow.
The arrow closely misses the shadow imp.
Grinder hits you but does no damage.
The shadow imp hits you but does no damage.
The kobold barely misses you.
You shoot an arrow.
The arrow completely misses the shadow imp.
Grinder gestures at you. Pain shoots through your body!
The shadow imp hits you but does no damage.
The kobold barely misses you.
You shoot an arrow.
The arrow hits the shadow imp but does no damage.
The shadow imp is severely wounded.
Grinder hits you.
You writhe in agony.
The shadow imp closely misses you.
The kobold hits you with a +0 short sword.
You die...

#~...~# #~...~#
#~...~# #~...~#
#~...~# #~...~ ##'K5##
##...@5########
#..¤.¤..#~~~~~~
+.......'......
+.¤._.¤.'......
+..)....').....
#...¤...#~~~~~~
###%..#########
########)#############
~~~~~~#.).#~~~~~~#~~~#


You could see Grinder, a shadow imp and a kobold.

Vanquished Creatures
  2 quasits (Sewer)
  2 adders
  A shadow imp (Sewer)
  An ufetubus (Sewer)
  A worm (D:2)
  A dart slug (D:1)
  4 bats
  5 endoplasms
  8 giant cockroaches
  9 goblins
  7 hobgoblins
  6 jackals
  2 quokkas
  4 ball pythons
  5 frilled lizards (D:2)
  14 kobolds
  A kobold zombie (Sewer)
  6 rats
79 creatures vanquished.

Vanquished Creatures (others)
  A giant cockroach zombie (Sewer)
1 creature vanquished.

Grand Total: 80 creatures vanquished

Notes
Turn   | Place    | Note
-------+----------+-------------------------------------------
     0 | D:1      | qw the Deep Elf Hunter began the quest for the Orb.
     0 | D:1      | Reached XP level 1. HP: 12/12 MP: 3/3
     0 | D:1      | 0 ||| qw: Version: 0.3-a-9-g12657ce
     0 | D:1      | 0 ||| qw: Game counter: 3700
     0 | D:1      | 0 ||| qw: Always use a shield: true
     0 | D:1      | 0 ||| qw: God list: Okawaru
     0 | D:1      | 0 ||| qw: Allow faded altars: false
     0 | D:1      | 0 ||| qw: Do Orc after D:15 true
     0 | D:1      | 0 ||| qw: Do second Lair branch before Depths: true
     0 | D:1      | 0 ||| qw: Lair rune preference: random
     0 | D:1      | 0 ||| qw: Plans: Normal
     0 | D:1      | 0 ||| PLANNING D:1-11
    45 | D:1      | Reached XP level 2. HP: 16/16 MP: 4/4
    47 | D:1      | Reached skill level 6 in Ranged Weapons
   233 | D:1      | Reached XP level 3. HP: 20/20 MP: 5/5
   243 | D:1      | Found Vuddat's Assorted Antiques.
   253 | D:1      | 253 ||| UPGRADING to +0 ring mail.
   263 | D:1      | 263 ||| DROPPING +0 leather armour.
   264 | D:1      | 264 ||| READING scroll labelled MIJANA OFUYCK.
   266 | D:1      | 266 ||| READING scroll labelled ANTOUCEEGA.
   267 | D:1      | 267 ||| DROPPING scroll of butterflies.
   276 | D:1      | 276 ||| SHOPLISTING dented steel amulet (140 gold, have
                  | 40).
   276 | D:1      | 276 ||| SHOPLISTING pair of embroidered gloves (210 gold,
                  | have 40).
   276 | D:1      | 276 ||| BUYING scroll labelled HATUSA ROSOSSYZAO (28 gold).
   276 | D:1      | Bought a scroll labelled HATUSA ROSOSSYZAO for 28 gold
                  | pieces
   276 | D:1      | 276 ||| SHOPLISTING scroll labelled MIVAEC HORCH (28 gold,
                  | have 12).
   276 | D:1      | 276 ||| SHOPLISTING shiny ring mail (196 gold, have 12).
   276 | D:1      | 276 ||| SHOPLISTING twisted peridot ring (140 gold, have
                  | 12).
   459 | D:1      | 459 ||| READING scroll labelled HATUSA ROSOSSYZAO.
   460 | D:1      | 460 ||| READING scroll labelled IRIEMN BUFAST.
   461 | D:1      | 461 ||| READING scroll labelled CELEIS JUIKKA.
   582 | D:2      | Reached skill level 7 in Ranged Weapons
   803 | D:2      | Reached XP level 4. HP: 25/25 MP: 6/6
  1002 | D:2      | 1002 ||| UPGRADING to +0 pair of gloves.
  1007 | D:2      | 1007 ||| READING scroll labelled QUTTORIRER.
  1031 | D:3      | 1031 ||| PLANNING SEWER
  1069 | D:3      | Identified the +2 mace of Bodily Humours {freeze, rC+}
  1088 | D:3      | Found a glowing drain.
  1089 | D:3      | 1089 ||| UPGRADING to +0 cloak.
  1170 | Sewer    | Entered a sewer
  1254 | Sewer    | Reached skill level 8 in Ranged Weapons
  1274 | Sewer    | Found a burning altar of Makhleb.
  1275 | Sewer    | 1275 ||| Stepping ~*~*~tactically~*~*~ (outnumbered).
  1284 | Sewer    | Reached XP level 5. HP: 22/29 MP: 7/7
  1365 | Sewer    | Noticed Grinder
  1377 | Sewer    | HP: 7/29 [Grinder (5)]
  1377 | Sewer    | HP: 1/29 [Grinder (6)]
  1377 | Sewer    | Slain by a kobold

Levels and vault maps discovered:
D:1:      spicycebolla_arrival_xxxplode, layout_rooms, serial_shops,
          nicolae_shop_gibbet_a_chance, nrook_mini_vaults, minmay_tall_x
D:2:      layout_basic, minmay_misc_feat_more_columns, minmay_pentomino_w2
D:3:      layout_basic, portal_sewer_entry_a, gammafunk_ghost_grave,
          moated_statue
Sewer:    kennysheep_sewer_church

Skill      XL: |  1  2  3  4 |
---------------+-------------+-----
Ranged Weapons | 6 7 8 |  8.9
Fighting       | |  1.5
Dodging        | |  2.4
Stealth        | |  1.2

Action                     |  1- 3 |  4- 6 || total
---------------------------+-------+-------++-------
   Fire: Shortbow          |   102 |   103 ||   205
    Use: Scroll            |     5 |     1 ||     6
 Armour: Leather armour    |     7 |       ||     7
         Ring mail         |     2 |    42 ||    44
  Dodge: Dodged            |    18 |    56 ||    74

Table legend:
 A = Non-vault XP
 B = Vault XP
 C = Vault XP percentage of total XP
 D = Non-vault monster count
 E = Vault monster count
 F = Vault count percentage of total count
                 A         B        C        D         E       F
            +---------+---------+-------+---------+---------+-------
      Total |     101 |     162 |  61.6 |      50 |      29 |  36.7
            +---------+---------+-------+---------+---------+-------
        D:1 |      49 |       5 |   9.3 |      27 |       4 |  12.9
        D:2 |      50 |       4 |   7.4 |      22 |       2 |   8.3
        D:3 |       2 |      15 |  88.2 |       1 |       2 |  66.7
      Sewer |       0 |     138 | 100.0 |       0 |      21 | 100.0
            +---------+---------+-------+---------+---------+-------
